 Dungeon Crawl Stone Soup version 0.29.0-4-gdea44cf6ec (webtiles) character file.

Game seed: 4240295693190239792

109 qw the Chopper (level 4, 0/26 HPs)
             Began as a Tengu Warper on Aug 28, 2022.
             Killed from afar by Ijyb (9 damage)
             ... with a bolt of acid
             ... on level 3 of the Dungeon.
             The game lasted 00:00:17 (2761 turns).

qw the Chopper (Tengu Warper)                       Turns: 2761, Time: 00:00:18

Health: 0/26       AC:  4    Str: 13    XL:     4   Next: 89%
Magic:  8/8        EV:  6    Int: 13    God:
Gold:   134        SH:  0    Dex: 14    Spells: 7/7 levels left

rFire   . . .      SeeInvis .   m - +0 war axe
rCold   . . .      Faith    .   (no shield)
rNeg    . . .      Spirit   .   i - +0 chain mail
rPois   .          Reflect  .   (helmet restricted)
rElec   .          Harm     .   (no cloak)
rCorr   .          Rampage  .   (no gloves)
Will    .....                   (boots unavailable)
Stlth   ..........              (no amulet)
HPRegen 0.08/turn               (no ring)
MPRegen 0.11/turn               (no ring)

@: corroded
A: beak, talons 3
a: no special abilities


You were on level 3 of the Dungeon.
You visited 1 branch of the dungeon, and saw 3 of its levels.

You collected 134 gold pieces.


Innate Abilities, Weirdness & Mutations

You have a beak for a mouth.
You have claws for feet.


   Skills:
 - Level 2.0 Fighting
 + Level 5.4 Axes
 - Level 1.0 Throwing
 - Level 1.1 Armour
 - Level 2.1 Dodging
 - Level 2.0 Spellcasting
 - Level 2.4 Translocations


You had 7 spell levels left.
You didn't know any spells.
Your spell library contained the following spells:

 Spells                   Type           Power      Damage    Failure   Level
 Blink                    Tloc           14%        N/A       99%         2
 Gell's Gravitas          Tloc           7%         N/A       100%        3
 Lesser Beckoning         Tloc           7%         N/A       100%        3
 Teleport Other           Tloc           7%         N/A       100%        3
 Manifold Assault         Tloc           7%         N/A       100%        5

Inventory:

Hand Weapons
 g - a +0 whip
 m - a +0 war axe (weapon)
Armour
 i - a +0 chain mail (worn)
Jewellery
 l - a ring of resist corrosion
Scrolls
 j - a scroll of poison {unknown}
 k - 3 scrolls of vulnerability {unknown}
 n - a scroll of silence {unknown}
Potions
 a - a potion of cancellation {unknown}
 b - a potion of flight {unknown}
 c - 2 potions of brilliance {unknown}
 d - a potion of lignification {unknown}
 e - 2 potions of curing {unknown}
 f - a potion of haste {unknown}
 h - a potion of mutation {unknown}

Dungeon Overview and Level Annotations

Branches:
Dungeon (3/15)

Altars:
Vehumet

Annotations:
D:3 Ijyb


Message History

You slash the bat!
You kill the bat!
You see here a bat corpse.
You now have 134 gold pieces (gained 5).
Ijyb the Twisted Goblin comes into view.
She is wielding a +0 club and carrying a wand of acid (11).
Found a mace.
Ijyb zaps a wand.
The bolt of acid hits you but does no damage.
Enter note:
2748 ||| Stepping ~*~*~tactically~*~*~ (hiding).
You start waiting.
Ijyb is nearby!
2750 ||| Stepping ~*~*~tactically~*~*~ (hiding).
2751 ||| Stepping ~*~*~tactically~*~*~ (hiding).
You slash Ijyb!
Ijyb is moderately wounded.
Ijyb zaps a wand.
The bolt of acid hits you! The acid corrodes you!
You barely miss Ijyb. You claw Ijyb. You peck Ijyb, but do no damage.
Ijyb is moderately wounded.
Ijyb screams, "No!
No, no, no, no!"
Ijyb hits you with a +0 club.
You hit Ijyb but do no damage.
Ijyb is moderately wounded.
Ijyb screams, "Me stronger than you!" Ijyb hits you with a +0 club.
You closely miss Ijyb. Your kick misses Ijyb. You peck Ijyb, but do no damage.
Ijyb is moderately wounded.
Ijyb hits you with a +0 club. x2
You barely miss Ijyb. You peck Ijyb.
Ijyb is heavily wounded.
Ijyb hits you but does no damage.
You closely miss Ijyb.
Ijyb is heavily wounded.
Ijyb completely misses you.
You hit Ijyb but do no damage. You claw Ijyb, but do no damage.
Ijyb is heavily wounded.
Ijyb barely misses you.
You hit Ijyb but do no damage. Your kick misses Ijyb.
Ijyb is heavily wounded.
Ijyb zaps a wand.
The bolt of acid hits you!
You die...

.##.......)..#.........#
.##..........##........#
.##..........##..%####.#
.##.###.#...#####....#.###
....#
#...#..........#...####
..#
##..##................#
##. ##...............# #.
#...............#
#..g@...........#
#......######.......#
#...... #.......# ##.....
######### #..... #.).g.
#..... #.....


You could see Ijyb.

Vanquished Creatures
  An orc wizard (D:3)
  An adder (D:3)
  A worm (D:2)
  5 orcs (D:3)
  9 endoplasms
  A giant cockroach (D:2)
  8 goblins
  8 hobgoblins
  2 jackals (D:1)
  5 kobolds
  2 quokkas
  4 ball pythons
  5 bats
  5 frilled lizards
  6 rats
63 creatures vanquished.

Notes
Turn   | Place    | Note
-------+----------+-------------------------------------------
     0 | D:1      | qw the Tengu Warper began the quest for the Orb.
     0 | D:1      | Reached XP level 1. HP: 12/12 MP: 4/4
     0 | D:1      | 0 ||| qw: Version: 0.1-a-89-g26bdef1
     0 | D:1      | 0 ||| qw: Game counter: 217
     0 | D:1      | 0 ||| qw: Always use a shield: true
     0 | D:1      | 0 ||| qw: God list: Okawaru
     0 | D:1      | 0 ||| qw: Allow faded altars: false
     0 | D:1      | 0 ||| qw: Do Orc after D:15 true
     0 | D:1      | 0 ||| qw: Do second Lair branch before Depths: true
     0 | D:1      | 0 ||| qw: Lair rune preference: random
     0 | D:1      | 0 ||| qw: Plans: Normal
     0 | D:1      | 0 ||| PLANNING D:1-11
    24 | D:1      | 24 ||| Stepping ~*~*~tactically~*~*~ (stealth).
    28 | D:1      | 28 ||| Stepping ~*~*~tactically~*~*~ (stealth).
    38 | D:1      | 38 ||| Stepping ~*~*~tactically~*~*~ (stealth).
    39 | D:1      | 39 ||| Stepping ~*~*~tactically~*~*~ (stealth).
   204 | D:1      | Reached XP level 2. HP: 14/17 MP: 6/6
   264 | D:1      | Reached skill level 3 in Axes
   284 | D:1      | Found a faded altar of an unknown god.
   332 | D:1      | 332 ||| Stepping ~*~*~tactically~*~*~ (stealth).
   354 | D:1      | 354 ||| Stepping ~*~*~tactically~*~*~ (stealth).
   811 | D:1      | 811 ||| Stepping ~*~*~tactically~*~*~ (stealth).
   817 | D:1      | Reached XP level 3. HP: 21/21 MP: 7/7
   818 | D:1      | 818 ||| Stepping ~*~*~tactically~*~*~ (stealth).
   819 | D:1      | 819 ||| Stepping ~*~*~tactically~*~*~ (stealth).
   821 | D:1      | 821 ||| Stepping ~*~*~tactically~*~*~ (stealth).
  1038 | D:1      | You fall into a shaft and drop 1 floor!
  1063 | D:2      | 1063 ||| Stepping ~*~*~tactically~*~*~ (stealth).
  1070 | D:2      | Reached skill level 4 in Axes
  1097 | D:2      | 1097 ||| Stepping ~*~*~tactically~*~*~ (stealth).
  1098 | D:2      | 1098 ||| Stepping ~*~*~tactically~*~*~ (stealth).
  1108 | D:2      | 1108 ||| UPGRADING to +0 chain mail.
  1118 | D:2      | 1118 ||| DROPPING +0 leather armour.
  1119 | D:2      | 1119 ||| DROPPING +6 ring of intelligence.
  1120 | D:2      | 1120 ||| READING 2 scrolls labelled EMNIHIO ZEMA.
  1121 | D:2      | 1121 ||| READING scroll labelled LOISCH EXOESA.
  1132 | D:2      | 1132 ||| DROPPING scroll of fear.
  1133 | D:2      | 1133 ||| DROPPING scroll of blinking.
  1469 | D:2      | 1469 ||| DROPPING +0 club.
  1651 | D:2      | 1651 ||| Stepping ~*~*~tactically~*~*~ (stealth).
  1670 | D:2      | 1670 ||| FLEEEEING.
  1671 | D:2      | 1671 ||| FLEEEEING.
  1672 | D:2      | 1672 ||| FLEEEEING.
  1673 | D:2      | 1673 ||| FLEEEEING.
  1674 | D:2      | 1674 ||| FLEEEEING.
  1675 | D:2      | 1675 ||| FLEEEEING.
  1676 | D:2      | 1676 ||| FLEEEEING.
  1677 | D:2      | 1677 ||| FLEEEEING.
  2192 | D:2      | 2192 ||| READING scroll labelled XUF UWOLUSA.
  2193 | D:2      | 2193 ||| READING scroll labelled KEOQ NOM PUROYB.
  2250 | D:3      | 2250 ||| Stepping ~*~*~tactically~*~*~ (stealth).
  2301 | D:3      | 2301 ||| Stepping ~*~*~tactically~*~*~ (stealth).
  2303 | D:3      | 2303 ||| Stepping ~*~*~tactically~*~*~ (stealth).
  2304 | D:3      | 2304 ||| Stepping ~*~*~tactically~*~*~ (stealth).
  2350 | D:3      | 2350 ||| Stepping ~*~*~tactically~*~*~ (stealth).
  2352 | D:3      | 2352 ||| Stepping ~*~*~tactically~*~*~ (stealth).
  2356 | D:3      | Reached XP level 4. HP: 26/26 MP: 8/8
  2362 | D:3      | 2362 ||| FLEEEEING.
  2363 | D:3      | 2363 ||| FLEEEEING.
  2364 | D:3      | 2364 ||| FLEEEEING.
  2365 | D:3      | 2365 ||| FLEEEEING.
  2366 | D:3      | 2366 ||| Stepping ~*~*~tactically~*~*~ (stealth).
  2370 | D:3      | 2370 ||| Stepping ~*~*~tactically~*~*~ (hiding).
  2373 | D:3      | 2373 ||| Stepping ~*~*~tactically~*~*~ (hiding).
  2386 | D:3      | Reached skill level 5 in Axes
  2387 | D:3      | HP: 6/26 [orc/+0 falchion (4)]
  2663 | D:3      | 2663 ||| SWAPPING to +0 war axe.
  2667 | D:3      | 2667 ||| DROPPING +0 hand axe.
  2697 | D:3      | Found a radiant altar of Vehumet.
  2698 | D:3      | 2698 ||| Stepping ~*~*~tactically~*~*~ (hiding).
  2700 | D:3      | 2700 ||| Stepping ~*~*~tactically~*~*~ (hiding).
  2747 | D:3      | Noticed Ijyb
  2748 | D:3      | 2748 ||| Stepping ~*~*~tactically~*~*~ (hiding).
  2750 | D:3      | 2750 ||| Stepping ~*~*~tactically~*~*~ (hiding).
  2751 | D:3      | 2751 ||| Stepping ~*~*~tactically~*~*~ (hiding).
  2761 | D:3      | Killed from afar by Ijyb

Levels and vault maps discovered:
D:1:      dpeg_arrival_rooms_a, layout_rooms,
          hellmonk_ecumenical_altar_leap_of_faith, serial_glass,
          glass_columns_a, glass_columns_b, glass_columns_a, glass_columns_b
D:2:      layout_basic, st_stairs_13
D:3:      layout_rooms, mainiacjoe_overflow_six_doors_small,
          nzn_wu_jian_contemplation, vehumet_altar_wand_db, trog_butcher_becter,
          uniq_ijyb

Skill      XL: |  1  2  3  4 |
---------------+-------------+-----
Axes           | 3 4 5 |  5.4
Fighting       | |  2.0
Throwing       | |  1.0
Armour         | |  1.1
Dodging        | |  2.1
Spellcasting   | |  2.0
Translocations | |  2.4

Action                   |  1- 3 |  4- 6 || total
-------------------------+-------+-------++-------
Melee: Hand axe          |   111 |    23 ||   134
       Kick              |    26 |    10 ||    36
       Peck              |     9 |     6 ||    15
       War axe           |       |    19 ||    19
       Punch             |       |     1 ||     1
Throw: Boomerang         |     7 |       ||     7
  Use: Scroll            |     4 |       ||     4
Armor: Leather armour    |    12 |       ||    12
       Chain mail        |    19 |    20 ||    39
Dodge: Dodged            |    37 |    12 ||    49

Table legend:
 A = Non-vault XP
 B = Vault XP
 C = Vault XP percentage of total XP
 D = Non-vault monster count
 E = Vault monster count
 F = Vault count percentage of total count
                 A         B        C        D         E       F
            +---------+---------+-------+---------+---------+-------
      Total |     151 |       5 |   3.2 |      60 |       3 |   4.8
            +---------+---------+-------+---------+---------+-------
        D:1 |      39 |       0 |   0.0 |      26 |       0 |   0.0
        D:2 |      33 |       3 |   8.3 |      17 |       2 |  10.5
        D:3 |      79 |       2 |   2.5 |      17 |       1 |   5.6
            +---------+---------+-------+---------+---------+-------
